 Dungeon Crawl Stone Soup version 0.32-a0-913-g739538afd8 (webtiles) character file.

Game seed: 16656269192687082711

563 jasper the Digger (level 7, -3/36 HPs)
             Began as a Gargoyle Earth Elementalist on Apr 7, 2024.
             Slain by a gnoll
             ... wielding a +0 halberd
             ... led by a gnoll bouda
              (7 damage)
             ... on level 5 of the Dungeon.
             The game lasted 00:06:21 (4809 turns).

jasper the Digger (Gargoyle Earth Elementalist)     Turns: 4809, Time: 00:06:21

Health: -3/36      AC:  7    Str: 11    XL:     7   Next: 32%
Magic:  6/11       EV: 10    Int: 18    God:
Gold:   240        SH:  0    Dex: 10    Spells: 2/12 levels left

rFire   . . .        m - +1 long sword (elec)
rCold   . . .        (no shield)
rNeg    + . .        j - +0 leather armour
rPois   ∞            (no helmet)
rElec   +            (no cloak)
rCorr   .            (no gloves)
SInv    .            (no boots)
Will    .....        (no amulet)
Stlth   ++           (no ring)
HPRegen 0.26/turn    (no ring)
MPRegen 0.12/turn

%: no passive effects
@: very slightly contaminated
A: sickness immunity, AC +4, negative energy resistance 1, electricity
resistance, torment resistance 1, petrification resistance
a: no special abilities


You were on level 5 of the Dungeon.
You visited 1 branch of the dungeon, and saw 5 of its levels.

You collected 240 gold pieces.

Inventory:

Hand Weapons
 c - a +0 hand axe
 d - a +0 whip
 f - a +0 morningstar
 k - a +0 mace of holy wrath
 m - a +1 long sword of electrocution (weapon)
Missiles
 b - a throwing net
 e - 58 stones
 o - 6 poisoned darts
Armour
 a - a +0 robe
 j - a +0 leather armour (worn)
 t - the +2 buckler of Lopnin {Harm rPois rF+ Slay-2}
   (You found it on level 5 of the Dungeon)

   Slay-2:    It affects your accuracy & damage with ranged weapons and melee
   (-2).
   rF+:       It protects you from fire.
   rPois:     It protects you from poison.
   Harm:      It increases damage dealt and taken.
Wands
 u - a wand of mindburst (6)
Scrolls
 g - 3 scrolls of vulnerability
 i - 2 scrolls of noise
 n - a scroll of poison {unknown}
 p - 2 scrolls of teleportation {unknown}
 q - a scroll of amnesia {unknown}
 r - a scroll of acquirement {unknown}
 s - a scroll of immolation {unknown}
Potions
 h - 2 potions of might
 l - a potion of enlightenment


   Skills:
 - Level 1.5 Dodging
 - Level 2.1 Stealth
 - Level 3.2 Spellcasting
 + Level 4.7 Conjurations
 + Level 2.5 Air Magic
 - Level 4.7 Earth Magic
 + Level 2.5 Alchemy


You had 2 spell levels left.
You knew the following spells:

 Your Spells              Type           Power      Damage    Failure   Level
a - Sandblast             Erth           38%        2d10      3%          1
b - Passwall              Erth           19%        N/A       9%          3
c - Stone Arrow           Conj/Erth      38%        3d9       9%          3
d - Mephitic Cloud        Conj/Alch/Air  14%        N/A       16%         3

Your spell library contained the following spells:

 Spells                   Type           Power      Damage    Failure   Level
 Mercury Vapours          Alch/Air       24%        N/A       11%         2
 Necrotise                Necr           8%         1d4       22%         1
 Slow                     Hex            8%         N/A       22%         1
 Scorch                   Fire           4%         2d5       32%         2
 Brom's Barrelling Bould  Conj/Erth      19%        2d4       30%         4
 Petrify                  Alch/Erth      16%        N/A       43%         4
 Confusing Touch          Hex            2%         N/A       54%         3
 Inner Flame              Hex/Fire       2%         N/A       54%         3
 Vampiric Draining        Necr           2%         2d6       54%         3
 Flame Wave               Conj/Fire      11%        2d6       61%         4
 Irradiate                Conj/Alch      8%         3d14      78%         5
 Martyr's Knell           Necr/Summ      2%         N/A       91%         4
 Freezing Cloud           Conj/Ice/Air   5%         6-21      91%         5
 Curse of Agony           Necr           2%         N/A       99%         5
 Summon Cactus Giant      Summ           1%         N/A       100%        6
 Ignition                 Fire           1%         3d3       100%        8


Dungeon Overview and Level Annotations

Branches:
Dungeon (5/15)
 Temple: D:4-7

Altars:

Shops:
D:5 *


Innate Abilities, Weirdness & Mutations

You are immune to sickness and miasma.
Your stone body is resilient. (AC +4)
You are immune to poison.
You resist negative energy. (rN+)
You are resistant to electric shocks. (rElec)
You are resistant to unholy torment.
You are immune to petrification.


Message History

The gnoll throws a throwing net.
The throwing net closely misses you.
You now have 10/11 mp.
Aiming: Sandblast (safe; 3% risk of failure)
Press: ? - help, Q - select action, (/) - cycle Shift-Dir - straight line, f - gnoll
Aim: a gnoll, wielding a +0 spear (covering ground quickly, 84% to hit)
The blast of sand hits the gnoll!
You kill the gnoll!
You now have 9/11 mp.
b - a throwing net Your attacks no longer feel as feeble.
A gnoll comes into view. It is wielding a +0 halberd.
You regained 2 hp, and now have 11/36 hp.
The gnoll shouts!
MP restored: 11 You start resting.
A gnoll is nearby!
Aiming: Sandblast (safe; 3% risk of failure)
Press: ? - help, Q - select action, (/) - cycle Shift-Dir - straight line, f - gnoll
Aim: a gnoll, wielding a +0 halberd (84% to hit)
The blast of sand hits the gnoll!
The gnoll is severely wounded.
The gnoll hits you from afar with a +0 halberd!
* * * LOW HITPOINT WARNING * * *
You take 9 damage, and have 3/36 hp.
MASSIVE DAMAGE!!
You now have 10/11 mp.
Aiming: Sandblast (safe; 3% risk of failure)
Press: ? - help, Q - select action, (/) - cycle Shift-Dir - straight line, f/p - gnoll
Aim: a gnoll, wielding a +0 halberd (severely wounded, 84% to hit)
You miscast Sandblast.
You are very lightly contaminated with residual magic.
Nothing appears to happen.
The gnoll closely misses you.
You now have 9/11 mp.
Casting: Sandblast (safe; 3% risk of failure)
Confirm with . or Enter, or press ? or * to list all spells.
Aiming: Stone Arrow (dangerous; 9% risk of failure)
Press: ? - help, Shift-Dir - straight line, f/p - gnoll
Aim: a gnoll, wielding a +0 halberd (severely wounded, 72% to hit)
You miscast Stone Arrow.
Nothing appears to happen.
The gnoll hits you from afar with a +0 halberd!
You die...

.# #.##.#############.#
.#####.##.# ##...# .....#.##.#
#..### ####.#.##.# ####.##
..#..†.)#.# ##.÷†.##########
#.#..#..#.# #..#............
.....#..#.# #.##............
...###..#.# ####.##............
........#.###.g.@##............
#.#.#...#.##..#####...†........
#.#.#.###.##.## #...†........
..#.......##)# #............
..###.#####))# #............
..###.####..#######............
..................+............
#.###..##..########............
#....>..## #....†.......


You could see a gnoll.

Vanquished Creatures
  A black bear (D:5)
  An ogre (D:5)
  A scorpion (D:5)
  A howler monkey (D:5)
  A jelly (D:5)
  A bombardier beetle (D:4)
  A gnoll bouda (D:5)
  An orc priest (D:5)
  An iguana (D:4)
  2 gnolls (D:5)
  4 adders
  4 dart slugs
  A ribbon worm (D:5)
  4 orcs
  6 ball pythons
  8 endoplasms
  3 giant cockroaches
  A hobgoblin (D:2)
  13 jackals
  9 bats
  3 frilled lizards
  8 goblins
  4 kobolds
  5 rats
84 creatures vanquished.

Notes
Turn   | Place    | Note
-------+----------+-------------------------------------------
     0 | D:1      | jasper the Gargoyle Earth Elementalist began the quest for
                  | the Orb.
     0 | D:1      | Reached XP level 1. HP: 10/10 MP: 3/3
   428 | D:1      | Reached XP level 2. HP: 15/15 MP: 1/5
  1540 | D:2      | Reached XP level 3. HP: 19/19 MP: 4/6
  1544 | D:2      | Learned a level 3 spell: Passwall
  2233 | D:2      | Learned a level 3 spell: Stone Arrow
  2748 | D:3      | Reached XP level 4. HP: 24/24 MP: 6/8
  3688 | D:4      | Reached XP level 5. HP: 21/28 MP: 3/9
  3696 | D:4      | Learned a level 3 spell: Mephitic Cloud
  4021 | D:4      | Noticed a black bear
  4021 | D:4      | Noticed an ogre
  4047 | D:5      | Entered Level 5 of the Dungeon
  4047 | D:5      | Found Guargh's General Store.
  4200 | D:5      | Reached skill level 1 in Air Magic
  4268 | D:5      | Reached skill level 1 in Alchemy
  4306 | D:5      | Reached XP level 6. HP: 29/32 MP: 3/10
  4308 | D:5      | Identified the +2 buckler of Lopnin {Harm rPois rF+ Slay-2}
  4521 | D:5      | Noticed a black bear
  4540 | D:5      | Killed a black bear
  4788 | D:5      | Reached XP level 7. HP: 16/36 MP: 0/11
  4809 | D:5      | Slain by a gnoll

Illustrated notes

Levels and vault maps discovered:
D:1:      dpeg_arrival_rooms_a, layout_basic, minmay_misc_feat_x,
          minmay_misc_feat_more_columns, serial_park_tiny_1,
          columned_hall_lemuel, chequers_big_river, bh_walls_and_bars
D:2:      layout_basic
D:3:      layout_basic
D:4:      minmay_opposing_rooms, layout_cave_pools,
          chequers_serial_rivers_micro_e, mrwooster_statue_mirror
D:5:      layout_basic, serial_shops, shop

Skill      XL: |  1  2  3  4  5  6 |
---------------+-------------------+-----
Earth Magic    | 4 |  4.7
Conjurations   | 2 3 4 |  4.7
Spellcasting   | 3 |  3.2
Air Magic      | 1 2 |  2.5
Alchemy        | 1 2 |  2.5
Dodging        | |  1.5
Stealth        | |  2.1

Action                     |  1- 3 |  4- 6 |  7- 9 || total
---------------------------+-------+-------+-------++-------
  Melee: Long sword        |     4 |    11 |       ||    15
  Throw: Stone             |     2 |       |       ||     2
         Dart              |       |     2 |       ||     2
   Cast: Sandblast         |    59 |    96 |     4 ||   159
         Mephitic Cloud    |       |     2 |       ||     2
    Use: Scroll            |       |     4 |       ||     4
         Potion            |       |       |     1 ||     1
 Armour: Robe              |     5 |       |       ||     5
         Leather armour    |     9 |    54 |     3 ||    66
  Dodge: Dodged            |    17 |    42 |     2 ||    61

Table legend: (Time is in decaauts)
 A = Elapsed time spent in this place.
 B = Non-inter-level travel time spent in this place.
 C = Inter-level travel time spent in this place.
 D = Time resting spent in this place.
 E = Time spent auto-exploring this place.
 F = Levels seen in this place.
 G = Mean time per level.
                   A        B        C        D        E       F      G
               +--------+--------+--------+--------+--------+-----+--------+
         Total |   4904 |   4700 |    204 |    351 |   3703 |   5 |  980.8 |
       Dungeon |   4904 |   4700 |    204 |    351 |   3703 |   5 |  980.8 |
               +--------+--------+--------+--------+--------+-----+--------+

Top non-repeatable levels by time:
     D:1: 1476 daAuts
     D:2: 1281 daAuts
     D:5: 796 daAuts
     D:3: 789 daAuts
     D:4: 561 daAuts
